 Dungeon Crawl Stone Soup version 0.32-a0-473-gd044c6f0f0 (webtiles) character file.

Game seed: 11988581684422400275

478 ezpacito the Trooper (level 6, 0/48 HPs)
             Began as a Demonspawn Chaos Knight on Feb 25, 2024.
             Was a Plaything of Xom.
             Slain by a black bear (10 damage)
             ... on level 4 of the Dungeon.
             The game lasted 00:05:31 (3190 turns).

ezpacito the Trooper (Demonspawn Chaos Knight)      Turns: 3190, Time: 00:05:32

Health: 0/48       AC:  7    Str: 15    XL:     6   Next: 86%
Magic:  0/8        EV: 12    Int: 12    God:    Xom [....*.]
Gold:   150        SH:  4    Dex: 14    Spells: 0/8 levels left

rFire   . . .        a - +0 hand axe (chaos)
rCold   . . .        (no shield)
rNeg    + . .        i - +1 leather armour {Will+}
rPois   .            r - +0 helmet
rElec   .            e - +0 cloak
rCorr   .            o - +0 pair of gloves of Theory {rN+}
SInv    +            (no boots)
Will    +....        f - amulet of guardian spirit
Stlth   ++           (no ring)
HPRegen 0.28/turn    (no ring)
MPRegen 0.11/turn

%: guardian spirit
@: about to teleport
A: thin skeletal structure 1, powered by pain 2, large bone plates 1, see
invisible, deterioration 1
a: Renounce Religion


You were on level 4 of the Dungeon.
You worshipped Xom.
You were a beloved toy of Xom.
You visited 1 branch of the dungeon, and saw 4 of its levels.

You collected 150 gold pieces.

Inventory:

Hand Weapons
 a - a +0 hand axe of chaos (weapon)
 j - a +2 scythe of freezing
 v - the +6 short sword of Evil {heavy, rElec rC+}
   (You found it on level 3 of the Dungeon)

   rC+:       It protects you from cold.
   rElec:     It insulates you from electricity.
Armour
 e - a +0 cloak (worn)
 i - a +1 leather armour of willpower (worn)
 l - a +0 chain mail
 o - the +0 pair of gloves of Theory (worn) {rN+}
   (Xom gifted it to you on level 2 of the Dungeon)

   rN+:       It protects you from negative energy.
 r - a +0 helmet (worn)
Magical Staves
 c - a staff of death
 h - a staff of cold
 k - a staff of conjuration
Jewellery
 f - an amulet of guardian spirit (around neck)
Wands
 g - a wand of charming (9)
 p - a wand of flame (17)
Scrolls
 b - a scroll of poison {unknown}
 m - 2 scrolls of enchant weapon
 t - 3 scrolls of amnesia
 u - 2 scrolls of fog {unknown}
Potions
 n - 2 potions of attraction
 s - a potion of brilliance {unknown}


   Skills:
 * Level 3.8 Fighting
 * Level 3.6(3.7) Axes
 + Level 1.2(2.6) Polearms
 * Level 3.0 Armour
 * Level 2.1 Dodging
 + Level 1.1 Stealth
 * Level 2.0 Unarmed Combat
 * Level 1.7 Spellcasting
 + Level 0.2 Conjurations
 + Level 0.3 Hexes
 * Level 2.1 Necromancy
 + Level 0.1 Ice Magic
 + Level 1.2 Evocations


You couldn't memorise any spells.
You knew the following spells:

 Your Spells              Type           Power      Damage    Failure   Level
a - Ozocubu's Armour      Ice            1%         N/A       69%         3
b - Metabolic Englaciati  Hex/Ice        0%         N/A       100%        5

Your spell library contained the following spells:

 Spells                   Type           Power      Damage    Failure   Level
 Freeze                   Ice            4%         1d3       32%         1
 Sculpt Simulacrum        Ice/Alch       0%         N/A       100%        6


Dungeon Overview and Level Annotations

Branches:
Dungeon (4/15)
 Temple: D:4-7

Altars:
Ru
Xom


Innate Abilities, Weirdness & Mutations

You have a somewhat thin skeletal structure. (Dex +2, Stealth+)
You sometimes gain power by taking damage.
You are partially covered in large bone plates. (SH +4)
You have supernaturally acute eyesight. (SInv)
Your body sometimes deteriorates upon taking damage.


Message History

You barely miss the black bear.
The black bear is heavily wounded.
The black bear bites you. The black bear closely misses you.
The black bear barely misses you.
You hit the black bear.
The black bear seems to grow stronger.
The black bear is heavily wounded.
The black bear closely misses you.
The black bear claws you but does no damage. x2
The black bear bites you! The black bear claws you. The black bear misses you.
You are too injured to fight recklessly!
It was a potion of curing.
You feel better. The black bear misses you. The black bear barely misses you.
The black bear closely misses you.
The black bear bites you but does no damage.
The black bear claws you. The black bear barely misses you.
You hit the black bear but do no damage.
The black bear suddenly stops moving!
The black bear is severely wounded.
The helpless black bear fails to defend itself.
You hit the black bear. You freeze the black bear.
The black bear is severely wounded.
The black bear is no longer paralysed.
The black bear bites you but does no damage.
The black bear claws you.
The black bear claws you but does no damage.
The black bear bites you.
The black bear claws you but does no damage.
The black bear claws you.
* * * LOW HITPOINT WARNING * * *
As you read the scroll of teleportation, it crumbles to dust.
You feel strangely unstable. "Serve the mortal, my child!"
The black bear misses you. The black bear closely misses you.
You block the black bear's attack. The black bear bites you.
* * * LOW HITPOINT WARNING * * *
You block the black bear's attack.
The black bear claws you but does no damage.
The black bear bites you!
You die... "Huh?
Did I miss anything?"

#....###...##..#
#.....###...#...#.
#...........#.....
...####.........#
#....#..........#
###.#.).........#
.........._...#
#..#......###...
##.#..@.#### ...
###...h##.###..<
#....5.........
#..............
###............
###..........
###........
#........
##..[....


You could see a black bear (fast, strong, poisoned, ally target) and a friendly
iron imp (summoned).

Vanquished Creatures
  Sigmund (D:2)
  A howler monkey (D:3)
  An orc priest (D:3)
  Crazy Yiuf (D:3)
  Jessica (D:3)
  Natasha (thrice) (D:2)
  4 adders (D:2)
  A dart slug (D:1)
  A ribbon worm (D:2)
  An orc (D:3)
  6 ball pythons
  6 bats
  3 endoplasms
  3 giant cockroaches
  14 goblins
  6 hobgoblins
  2 jackals (D:3)
  2 kobolds
  3 quokkas
  3 frilled lizards
  A giant cockroach zombie (D:3)
  5 rats
69 creatures vanquished.

Vanquished Creatures (collateral kills)
  An orc (D:3)
  A frilled lizard (D:1)
2 creatures vanquished.

Vanquished Creatures (others)
  Robin (D:3)
1 creature vanquished.

Grand Total: 72 creatures vanquished

Notes
Turn   | Place    | Note
-------+----------+-------------------------------------------
     0 | D:1      | ezpacito the Demonspawn Chaos Knight began the quest for
                  | the Orb.
     0 | D:1      | Reached XP level 1. HP: 18/18 MP: 1/1
    18 | D:1      | XOM: divination: detect creatures
    22 | D:1      | Found a faded altar of an unknown god.
    40 | D:1      | Reached skill level 1 in Dodging
    46 | D:1      | Got Plato's Exposition on Ice
   233 | D:1      | Gained mutation: You sometimes gain a little power by
                  | taking damage. [demonic ancestry]
   233 | D:1      | Reached XP level 2. HP: 24/24 MP: 2/2
   697 | D:2      | Noticed Natasha
   704 | D:2      | XOM: confuse monster(s)
   706 | D:2      | Killed Natasha
   707 | D:2      | Reached XP level 3. HP: 10/29 MP: 3/3
   853 | D:2      | XOM: scenery: create altars
   854 | D:2      | XOM: god gift: staff of cold
   929 | D:2      | Noticed Sigmund
  1057 | D:2      | Gained mutation: You have a somewhat thin skeletal
                  | structure. (Dex +2, Stealth+) [demonic ancestry]
  1057 | D:2      | Reached XP level 4. HP: 35/35 MP: 5/5
  1129 | D:2      | XOM: divination: detect creatures
  1140 | D:2      | Killed Sigmund
  1141 | D:2      | Reached skill level 1 in Polearms
  1141 | D:2      | Reached skill level 1 in Unarmed Combat
  1141 | D:2      | Reached skill level 1 in Spellcasting
  1141 | D:2      | Reached skill level 1 in Necromancy
  1141 | D:2      | Reached XP level 5. HP: 9/41 MP: 1/7
  1316 | D:2      | XOM: god gift: ring mail {god gift}
  1401 | D:2      | Gained mutation: You sometimes gain power by taking damage.
                  | [demonic ancestry]
  1401 | D:2      | Reached XP level 6. HP: 40/47 MP: 6/8
  1448 | D:2      | Noticed Natasha
  1456 | D:2      | Killed Natasha
  1571 | D:2      | Noticed Natasha
  1571 | D:2      | XOM: scenery: 1 doors close
  1580 | D:2      | Killed Natasha
  1581 | D:2      | Reached skill level 1 in Evocations
  1729 | D:2      | XOM: scenery: summon butterflies
  1826 | D:2      | Identified the +0 pair of gloves of Theory {rN+} (Xom
                  | gifted it to you on level 2 of the Dungeon)
  1826 | D:2      | XOM: god gift: +0 pair of gloves of Theory {rN+}
  1919 | D:3      | Noticed Jessica
  1923 | D:3      | Killed Jessica
  1924 | D:3      | Reached skill level 1 in Stealth
  1987 | D:3      | Noticed Robin
  1996 | D:3      | Killed Robin
  2094 | D:3      | Found a sacrificial altar of Ru.
  2180 | D:3      | Identified the +6 short sword of Evil {heavy, rElec rC+}
  2208 | D:3      | Learned a level 3 spell: Ozocubu's Armour
  2214 | D:3      | Learned a level 5 spell: Metabolic Englaciation
  2363 | D:3      | XOM: give mutations
  2363 | D:3      | Gained mutation: You have supernaturally acute eyesight.
                  | (SInv) [Xom's mischief]
  2363 | D:3      | Gained mutation: Your body sometimes deteriorates upon
                  | taking damage. [Xom's mischief]
  2410 | D:3      | Found a runed translucent door.
  2411 | D:3      | Noticed Crazy Yiuf
  2450 | D:3      | XOM: cloud trail
  2485 | D:3      | XOM: give mutation
  2485 | D:3      | Gained mutation: You are partially covered in large bone
                  | plates. (SH +4) [Xom's grace]
  2547 | D:3      | XOM: summons 2 friendly demons
  2929 | D:3      | XOM: cloud trail
  3039 | D:3      | Killed Crazy Yiuf
  3166 | D:4      | XOM: scenery: create altars
  3187 | D:4      | XOM: summons friendly iron imp
  3190 | D:4      | Slain by a black bear

Illustrated notes

Levels and vault maps discovered:
D:1:      dpeg_arrival_windows_large_door, layout_loops_ring,
          shapermc_ecumenical_altar_rom_forum
D:2:      layout_basic, uniq_natasha, uniq_sigmund
D:3:      layout_loops_ring, nicolae_ru_awakened_eye, minivault_26,
          kennysheep_generic_room_12, uniq_jessica, uniq_crazy_yiuf_cottage,
          uniq_robin
D:4:      layout_cave_pools, old_standard_altar

Skill      XL: |  1  2  3  4  5  6 |
---------------+-------------------+-----
Dodging        | 1 2 |  2.1
Armour         | 2 3 |  3.0
Axes           | 3 |  3.6
Polearms       | 1 |  1.2
Unarmed Combat | 1 2 |  2.0
Spellcasting   | 1 |  1.7
Necromancy     | 1 2 |  2.1
Evocations     | 1 |  1.2
Stealth        | 1 |  1.1
Fighting       | |  3.8
Conjurations   | |  0.2
Hexes          | |  0.3
Ice Magic      | |  0.1

Action                     |  1- 3 |  4- 6 || total
---------------------------+-------+-------++-------
  Melee: Hand axe          |    83 |   139 ||   222
    Use: Scroll            |     3 |     5 ||     8
         Potion            |       |     2 ||     2
   Stab: Sleeping          |     1 |     6 ||     7
         Distracted        |       |     1 ||     1
         Confused          |       |     1 ||     1
         Paralysed         |       |     1 ||     1
 Armour: Leather armour    |    72 |    97 ||   169
         Skin              |       |     6 ||     6
  Dodge: Dodged            |    51 |    95 ||   146
  Block: Other             |       |    13 ||    13

Table legend: (Time is in decaauts)
 A = Elapsed time spent in this place.
 B = Non-inter-level travel time spent in this place.
 C = Inter-level travel time spent in this place.
 D = Time resting spent in this place.
 E = Time spent auto-exploring this place.
 F = Levels seen in this place.
 G = Mean time per level.
                   A        B        C        D        E       F      G
               +--------+--------+--------+--------+--------+-----+--------+
         Total |   3264 |   3114 |    150 |    316 |   2156 |   4 |  816.0 |
       Dungeon |   3264 |   3114 |    150 |    316 |   2156 |   4 |  816.0 |
               +--------+--------+--------+--------+--------+-----+--------+

Top non-repeatable levels by time:
     D:2: 1333 daAuts
     D:3: 1285 daAuts
     D:1: 610 daAuts
     D:4: 35 daAuts
